 Dungeon Crawl Stone Soup version 0.29.0-15-g675c0067aa (webtiles) character file.

Game seed: 12515291599716121284

74482 qw the Warrior (level 15, -6/181 HPs)
             Began as a Minotaur Berserker on Sept 12, 2022.
             Was an Elder of Trog.
             Mangled by a thrashing horror (13 damage)
             ... while paralysed
             ... on level 2 of the Abyss.
             The game lasted 00:06:46 (18873 turns).

qw the Warrior (Minotaur Berserker)                Turns: 18873, Time: 00:06:47

Health: -6/181     AC: 11    Str: 30      XL:     15   Next: 7%
Magic:  9/9        EV:  2    Int:  0      God:    Trog [****..]
Gold:   2055       SH:  0    Dex:  8 (9)  Spells: 14/14 levels left

rFire   . . .      SeeInvis .   l - +2 hand axe (vamp)
rCold   . . .      Faith    .   (no shield)
rNeg    + . .      Spirit   .   w - +0 plate armour
rPois   .          Reflect  .   g - +2 hat
rElec   .          Harm     .   c - +0 cloak
rCorr   .          Rampage  .   e - +1 pair of gloves
Will    +....                   (no boots)
Stlth   ..........              u - amulet of the acrobat
HPRegen 0.40/turn               i - +4 ring of slaying {mikee}
MPRegen 0.11/turn               o - ring of positive energy

@: paralysed, berserking, corroded, slowed, lost intelligence, unable to read
A: horns 2, retaliatory headbutt, [deformed body], [deterioration 2], [dopey 2],
[frail 2], [low MP 3], [subdued magic 2], [inability to read after injury 2]
a: Renounce Religion, Berserk, Trog's Hand, Brothers in Arms


You were on level 2 of the Abyss.
You worshipped Trog.
Trog was greatly pleased with you.
You visited 2 branches of the dungeon, and saw 14 of its levels.
You visited the Abyss 1 time.

You collected 2055 gold pieces.


Innate Abilities, Weirdness & Mutations

You have a pair of horns on your head.
You reflexively headbutt those who attack you in melee.
[Armour fits poorly on your strangely shaped body.]
[Your body often deteriorates upon taking damage.]
[You are very dopey. (Int -4)]
[You are very frail. (-20% HP)]
[Your magical capacity is extremely low. (-30% MP)]
[Your spells are easier to cast, but less powerful.]
[You sometimes lose the ability to read scrolls when taking damage.]


   Skills:
 - Level 19.3 Fighting
 - Level 14.0 Axes
 - Level 5.0 Throwing
 + Level 16.6 Armour
 - Level 7.1 Dodging


You had 14 spell levels left.
You didn't know any spells.
Your spell library was empty.

Inventory:

Hand Weapons
 l - a +2 vampiric hand axe (weapon)
 s - a +1 demon whip of venom
Missiles
 p - 4 boomerangs (quivered)
Armour
 c - a +0 cloak (worn)
 e - a +1 pair of gloves (worn)
 g - a +2 hat (worn)
 w - a +0 plate armour (worn)
Jewellery
 i - a +4 ring of slaying (left hand) {mikee}
 o - a ring of positive energy (right hand)
 u - an amulet of the acrobat (around neck)
Scrolls
 a - 7 scrolls of teleportation
 k - 4 scrolls of identify
Potions
 b - 2 potions of might
 d - 6 potions of curing
 f - a potion of resistance
 j - 4 potions of heal wounds
 n - 2 potions of mutation
 r - a potion of haste

Dungeon Overview and Level Annotations

Branches:
Dungeon (9/15)             Temple (0/1) D:5            Lair (5/5) D:8
  Swamp (0/4) Lair:3        Snake (0/4) Lair:2        Slime (0/5) Lair:4
    Orc: D:9-12

Altars:
Ashenzari
Cheibriados
Elyvilon
Hepliaklqana
Kikubaaqudgha
Nemelex Xobeh
Uskayaw
Vehumet
Wu Jian
Xom
The Shining One

Annotations:
D:1 2 runed translucent doors
D:7 1 runed translucent door, Crazy Yiuf
D:9 1 runed translucent door, Psyche; qw's ghost, novice MiBe
Lair:5 3 runed translucent doors, qw's ghost, journeyman MiBe


Message History

The wretched star pulses with an eldritch light!
You feel less energetic.
You closely miss the wretched star. You headbutt the wretched star.
The wretched star is almost destroyed.
You barely miss the thrashing horror. You slash the thrashing horror!
The thrashing horror barely misses you. x2
The thrashing horror tramples you but does no damage.
The thrashing horror tramples you!
You hold your ground!
You slash the wretched star! You headbutt the wretched star.
You destroy the wretched star!
Trog accepts your kill.
You barely miss the thrashing horror. You closely miss the thrashing horror.
You hit the rakshasa. You slash the thrashing horror!
The thrashing horror tramples you.
You hold your ground!
The thrashing horror tramples you but does no damage.
The thrashing horror tramples you!
You stumble backwards!
You barely miss the thrashing horror. You headbutt the thrashing horror!
The thrashing horror is heavily damaged.
You slash the thrashing horror! You barely miss the rakshasa.
The thrashing horror tramples you but does no damage. x2
The thrashing horror barely misses you. x2
The rakshasa hits you but does no damage.
You slash the iron imp!
You kill the iron imp!
Trog accepts your kill.
You barely miss the thrashing horror. You hit the thrashing horror.
You hit the rakshasa but do no damage.
You hit the thrashing horror but do no damage.
The thrashing horror tramples you!
You stumble backwards!
The thrashing horror barely misses you.
The thrashing horror tramples you but does no damage. x2
The thrashing horror tramples you.
You stumble backwards!
The wretched star pulses with an eldritch light!
You feel stupid. x2
You have lost your intelligence.
The thrashing horror roars!
The thrashing horror tramples you!
You are shoved backwards!
A quasit comes into view.
The thrashing horror tramples you!
You die...

~ . ..#... ... .. . .
......# ....
..#..5..#.....#...
#....
.................. ...
................. ~ .
.......... ...... .%.
#.....#.....# . #...
##...###...## ...# #..
..#....@#..*..#.....
..........XX...........
#............X........
.. ..........R.........
# ....#.....#.....#....
#...###¤..###...###...#
.. .. #.¤X.. .....#
....
......................
. . .. ..~.~...........
..


You could see a tentacled starspawn, a rakshasa, 3 thrashing horrors and a
quasit (wandering).

Vanquished Creatures
  3 catoblepae (Lair:5)
  3 hydras
  A boulder beetle (Lair:2)
  9 death yaks (Lair:5)
  Sonja (Lair:3)
  Amaemon (Lair:3)
  A wretched star (Abyss:2)
  A deep troll (Lair:1)
  Pikel (D:5)
  2 manticores (Lair:5)
  6 elephants (Lair:5)
  A torpor snail (Lair:5)
  6 black mambas
  A rust devil (Abyss:2)
  An orange demon (Lair:3)
  8 cane toads
  3 rime drakes
  7 komodo dragons
  3 ancient zymes (Abyss:2)
  2 polar bears
  2 trolls
  A hornet (D:8)
  13 blink frogs
  13 dream sheep
  A wraith (D:9)
  64 yaks
  2 wyverns (Lair:3)
  A chaos spawn (Abyss:2)
  2 basilisks
  2 large abominations (Abyss:2)
  A steam dragon (D:8)
  5 nagas (Lair:2)
  17 water moccasins
  Duvessa (D:7)
  2 ice beasts
  2 small abominations (Abyss:2)
  4 black bears
  An orc warrior (D:9)
  3 sky beasts
  18 wolves
  2 ogres (D:7)
  2 centaurs
  A lemure (D:5)
  A kobold brigand (D:7)
  10 bullfrogs
  2 scorpions
  4 necrophages
  14 wights
  Dowan (D:7)
  9 killer bees (D:8)
  2 howler monkeys
  4 electric eels (Lair:3)
  2 jellies
  6 hounds
  6 orc priests
  2 gnoll boudas (D:9)
  An iron imp (Abyss:2)
  Jessica (D:3)
  4 iguanas
  6 orc wizards
  Robin (D:2)
  13 gnolls
  7 adders
  A white imp (D:5)
  2 dart slugs
  30 orcs
  6 ball pythons
  4 bats
  9 endoplasms
  7 giant cockroaches
  18 goblins
  12 hobgoblins
  8 jackals
  13 kobolds
  10 quokkas
  4 frilled lizards
  7 rats
448 creatures vanquished.

Vanquished Creatures (others)
  32 fungi
  41 plants
73 creatures vanquished.

Grand Total: 521 creatures vanquished

Notes
Turn   | Place    | Note
-------+----------+-------------------------------------------
     0 | D:1      | qw the Minotaur Berserker began the quest for the Orb.
     0 | D:1      | Reached XP level 1. HP: 19/19 MP: 0/0
     0 | D:1      | 0 ||| qw: Version: 0.1-a-119-g272c26d
     0 | D:1      | 0 ||| qw: Game counter: 10989
     0 | D:1      | 0 ||| qw: Always use a shield: true
     0 | D:1      | 0 ||| qw: Do Orc after D:15 true
     0 | D:1      | 0 ||| qw: Do second Lair branch before Depths: true
     0 | D:1      | 0 ||| qw: Lair rune preference: random
     0 | D:1      | 0 ||| qw: Plans: Normal
     0 | D:1      | 0 ||| PLANNING D:1-11
   122 | D:1      | Found a large runed translucent door.
   122 | D:1      | Found a large runed translucent door.
   186 | D:1      | 186 ||| Stepping ~*~*~tactically~*~*~ (stealth).
   193 | D:1      | Reached XP level 2. HP: 26/26 MP: 1/1
   197 | D:1      | 197 ||| Stepping ~*~*~tactically~*~*~ (stealth).
   245 | D:1      | 245 ||| Stepping ~*~*~tactically~*~*~ (stealth).
   298 | D:1      | 298 ||| INVOKING Berserk.
   299 | D:1      | 299 ||| INVOKING Berserk.
   305 | D:1      | Reached XP level 3. HP: 20/31 MP: 2/2
   814 | D:1      | 814 ||| Stepping ~*~*~tactically~*~*~ (stealth).
   821 | D:1      | Reached ** piety under Trog
   850 | D:1      | 850 ||| Stepping ~*~*~tactically~*~*~ (stealth).
   851 | D:1      | 851 ||| Stepping ~*~*~tactically~*~*~ (stealth).
  1300 | D:1      | 1300 ||| UPGRADING to +0 leather armour.
  1310 | D:1      | 1310 ||| DROPPING +0 animal skin.
  1311 | D:1      | 1311 ||| UPGRADING to +0 pair of gloves.
  1316 | D:1      | 1316 ||| UPGRADING to +0 chain mail.
  1326 | D:1      | 1326 ||| DROPPING +0 leather armour.
  1327 | D:1      | 1327 ||| READING scroll labelled MOOTIO MOCE.
  1328 | D:1      | 1328 ||| READING scroll labelled NABEPH OLAVVIH.
  1397 | D:1      | 1397 ||| READING 2 scrolls labelled YCVACK SETHUMUTATA.
  1454 | D:2      | Noticed Robin
  1462 | D:2      | 1462 ||| INVOKING Berserk.
  1463 | D:2      | Reached skill level 6 in Axes
  1463 | D:2      | Reached XP level 4. HP: 27/39 MP: 3/3
  1466 | D:2      | Killed Robin
  1668 | D:2      | 1668 ||| DROPPING +0 whip.
  2044 | D:2      | 2044 ||| Stepping ~*~*~tactically~*~*~ (stealth).
  2169 | D:2      | 2169 ||| UPGRADING to +0 cloak.
  2174 | D:2      | 2174 ||| UPGRADING to +4 ring of slaying {mikee}.
  2175 | D:2      | 2175 ||| READING scroll labelled ITYDULE HORI.
  2176 | D:2      | 2176 ||| READING 2 scrolls labelled GUAT CUFAEPN.
  2177 | D:2      | 2177 ||| DRINKING 2 golden potions.
  2178 | D:2      | 2178 ||| DRINKING 3 red potions.
  2179 | D:2      | 2179 ||| DROPPING scroll of noise.
  2180 | D:2      | 2180 ||| DROPPING 2 potions of brilliance.
  2266 | D:3      | Reached *** piety under Trog
  2572 | D:3      | Noticed Jessica
  2573 | D:3      | 2573 ||| Stepping ~*~*~tactically~*~*~ (hiding).
  2576 | D:3      | Killed Jessica
  2577 | D:3      | Reached XP level 5. HP: 45/45 MP: 4/4
  2841 | D:3      | 2841 ||| DROPPING ring of magical power.
  2842 | D:3      | 2842 ||| DRINKING 2 green potions.
  2843 | D:3      | 2843 ||| READING 4 scrolls of identify.
  2843 | D:3      | 2843 ||| IDENTIFYING murky green potion
  2844 | D:3      | 2844 ||| READING 3 scrolls of identify.
  2844 | D:3      | 2844 ||| IDENTIFYING bubbling pink potion
  2845 | D:3      | 2845 ||| READING 2 scrolls of identify.
  2845 | D:3      | 2845 ||| IDENTIFYING smoky black potion
  2846 | D:3      | 2846 ||| DROPPING potion of attraction.
  2847 | D:3      | 2847 ||| DROPPING potion of degeneration.
  2908 | D:4      | Noticed a black bear
  2914 | D:4      | 2914 ||| INVOKING Berserk.
  2917 | D:4      | Killed a black bear
  2918 | D:4      | Reached skill level 5 in Fighting
  3042 | D:4      | Reached XP level 6. HP: 56/56 MP: 5/5
  3052 | D:4      | 3052 ||| DROPPING +2 mace of holy wrath.
  3064 | D:4      | 3064 ||| Stepping ~*~*~tactically~*~*~ (stealth).
  3205 | D:4      | Reached skill level 3 in Armour
  3272 | D:4      | 3272 ||| Stepping ~*~*~tactically~*~*~ (stealth).
  3456 | D:4      | 3456 ||| Stepping ~*~*~tactically~*~*~ (stealth).
  3458 | D:4      | 3458 ||| Stepping ~*~*~tactically~*~*~ (hiding).
  3460 | D:4      | 3460 ||| Stepping ~*~*~tactically~*~*~ (hiding).
  3465 | D:4      | 3465 ||| INVOKING Berserk.
  3577 | D:4      | 3577 ||| READING scroll labelled NOWKOI USIM.
  3578 | D:4      | 3578 ||| READING scroll labelled QOKEONA VOUS.
  3579 | D:4      | 3579 ||| READING 2 scrolls of identify.
  3579 | D:4      | 3579 ||| IDENTIFYING fizzy emerald potion
  3580 | D:4      | 3580 ||| DROPPING potion of flight.
  3615 | D:5      | Entered Level 5 of the Dungeon
  3616 | D:5      | 3616 ||| PLANNING SEWER
  3647 | D:5      | 3647 ||| INVOKING Berserk.
  3654 | D:5      | Reached XP level 7. HP: 61/61 MP: 6/6
  3771 | D:5      | 3771 ||| SWAPPING to +0 vampiric hand axe.
  3772 | D:5      | 3772 ||| DROPPING +0 war axe.
  3773 | D:5      | 3773 ||| DROPPING +0 hand axe.
  3797 | D:5      | 3797 ||| Stepping ~*~*~tactically~*~*~ (stealth).
  3799 | D:5      | 3799 ||| Stepping ~*~*~tactically~*~*~ (stealth).
  3803 | D:5      | 3803 ||| Stepping ~*~*~tactically~*~*~ (hiding).
  3807 | D:5      | 3807 ||| INVOKING Berserk.
  3809 | D:5      | Reached skill level 9 in Axes
  3936 | D:5      | Found a hazy altar of Hepliaklqana.
  4046 | D:5      | 4046 ||| INVOKING Berserk.
  4157 | D:5      | Noticed Pikel
  4163 | D:5      | 4163 ||| INVOKING Berserk.
  4167 | D:5      | Killed Pikel
  4168 | D:5      | Reached XP level 8. HP: 68/68 MP: 7/7
  4289 | D:5      | 4289 ||| RIP SEWER
  4292 | D:5      | 4292 ||| PLANNING D:1-11
  4505 | D:5      | Found a staircase to the Ecumenical Temple.
  4508 | D:5      | 4508 ||| INVOKING Berserk.
  4618 | D:5      | 4618 ||| Stepping ~*~*~tactically~*~*~ (hiding).
  4619 | D:5      | 4619 ||| Stepping ~*~*~tactically~*~*~ (hiding).
  4620 | D:5      | 4620 ||| Stepping ~*~*~tactically~*~*~ (hiding).
  4702 | D:5      | Reached skill level 6 in Fighting
  4742 | D:5      | Found a glowing golden altar of the Shining One.
  4744 | D:5      | Found a broken altar of Ashenzari.
  4745 | D:5      | Found a shimmering altar of Xom.
  4747 | D:5      | Found a white marble altar of Elyvilon.
  4749 | D:5      | Found a radiant altar of Vehumet.
  4913 | D:5      | 4913 ||| READING scroll labelled TEIS NENNUR.
  4914 | D:5      | 4914 ||| READING 3 scrolls labelled XUW MYUNOLUFE CYT.
  4915 | D:5      | 4915 ||| READING scroll labelled LELUIS BEOQUWI.
  4916 | D:5      | 4916 ||| READING scroll labelled HATHRO UXASS.
  5077 | D:5      | 5077 ||| DROPPING 2 scrolls of fog.
  5097 | D:6      | 5097 ||| STAIRDANCE
  5156 | D:6      | 5156 ||| Stepping ~*~*~tactically~*~*~ (stealth).
  5157 | D:6      | 5157 ||| Stepping ~*~*~tactically~*~*~ (stealth).
  5158 | D:6      | 5158 ||| Stepping ~*~*~tactically~*~*~ (stealth).
  5191 | D:6      | Reached **** piety under Trog
  5342 | D:6      | Reached skill level 12 in Axes
  5405 | D:6      | 5405 ||| UPGRADING to ring of positive energy.
  5406 | D:6      | 5406 ||| READING scroll labelled YMACUSULEI.
  5407 | D:6      | 5407 ||| READING scroll of teleportation.
  5414 | D:6      | 5414 ||| Stepping ~*~*~tactically~*~*~ (stealth).
  5415 | D:6      | 5415 ||| Stepping ~*~*~tactically~*~*~ (stealth).
  5528 | D:6      | 5528 ||| Stepping ~*~*~tactically~*~*~ (hiding).
  5530 | D:6      | 5530 ||| Stepping ~*~*~tactically~*~*~ (hiding).
  5545 | D:6      | Reached skill level 7 in Fighting
  5550 | D:6      | 5550 ||| Stepping ~*~*~tactically~*~*~ (stealth).
  5581 | D:6      | Reached XP level 9. HP: 79/79 MP: 8/8
  5587 | D:6      | 5587 ||| INVOKING Berserk.
  5756 | D:6      | Noticed a troll
  5758 | D:6      | 5758 ||| INVOKING Berserk.
  5760 | D:6      | Killed a troll
  5891 | D:6      | Found a hide-covered altar of Uskayaw.
  5921 | D:6      | 5921 ||| Stepping ~*~*~tactically~*~*~ (hiding).
  6117 | D:6      | 6117 ||| Stepping ~*~*~tactically~*~*~ (stealth).
  6118 | D:6      | 6118 ||| Stepping ~*~*~tactically~*~*~ (stealth).
  6297 | D:7      | 6297 ||| STAIRDANCE
  6307 | D:6      | Reached skill level 8 in Fighting
  6422 | D:7      | 6422 ||| INVOKING Berserk.
  6613 | D:7      | 6613 ||| Stepping ~*~*~tactically~*~*~ (stealth).
  6677 | D:7      | 6677 ||| Stepping ~*~*~tactically~*~*~ (stealth).
  6706 | D:7      | 6706 ||| Stepping ~*~*~tactically~*~*~ (stealth).
  6721 | D:7      | Reached skill level 1 in Throwing
  6822 | D:7      | 6822 ||| INVOKING Berserk.
  6939 | D:7      | Found a sparkling altar of Nemelex Xobeh.
  7018 | D:7      | 7018 ||| Stepping ~*~*~tactically~*~*~ (hiding).
  7021 | D:7      | 7021 ||| INVOKING Berserk.
  7204 | D:7      | Noticed Duvessa
  7204 | D:7      | Noticed Dowan
  7205 | D:7      | 7205 ||| Stepping ~*~*~tactically~*~*~ (hiding).
  7209 | D:7      | 7209 ||| INVOKING Berserk.
  7212 | D:7      | Killed Duvessa
  7213 | D:7      | Reached skill level 6 in Armour
  7214 | D:7      | Killed Dowan
  7334 | D:7      | Found a runed translucent door.
  7335 | D:7      | Noticed Crazy Yiuf
  7338 | D:7      | 7338 ||| DRINKING 2 viscous puce potions.
  7339 | D:7      | 7339 ||| READING 2 scrolls of identify.
  7339 | D:7      | 7339 ||| IDENTIFYING murky black potion
  7397 | D:8      | Found an ancient bone altar of Kikubaaqudgha.
  7403 | D:8      | Found a snail-covered altar of Cheibriados.
  7416 | D:8      | 7416 ||| Stepping ~*~*~tactically~*~*~ (stealth).
  7465 | D:8      | 7465 ||| INVOKING Berserk.
  7584 | D:8      | 7584 ||| Stepping ~*~*~tactically~*~*~ (cloud).
  7586 | D:8      | 7586 ||| INVOKING Berserk.
  7671 | D:8      | Reached XP level 10. HP: 80/90 MP: 9/9
  7739 | D:8      | Reached skill level 9 in Fighting
  7834 | D:8      | 7834 ||| Stepping ~*~*~tactically~*~*~ (stealth).
  7835 | D:8      | 7835 ||| Stepping ~*~*~tactically~*~*~ (stealth).
  7848 | D:8      | Found a staircase to the Lair.
  7862 | D:8      | Reached skill level 3 in Dodging
  7874 | D:8      | 7874 ||| Stepping ~*~*~tactically~*~*~ (water).
  7979 | D:8      | 7979 ||| Stepping ~*~*~tactically~*~*~ (stealth).
  7989 | D:8      | 7989 ||| Stepping ~*~*~tactically~*~*~ (stealth).
  7990 | D:8      | 7990 ||| Stepping ~*~*~tactically~*~*~ (stealth).
  7992 | D:8      | 7992 ||| Stepping ~*~*~tactically~*~*~ (stealth).
  7994 | D:8      | 7994 ||| Stepping ~*~*~tactically~*~*~ (stealth).
  8009 | D:8      | 8009 ||| Stepping ~*~*~tactically~*~*~ (stealth).
  8398 | D:8      | 8398 ||| Stepping ~*~*~tactically~*~*~ (stealth).
  8783 | D:8      | 8783 ||| READING scroll of enchant weapon.
  8783 | D:8      | 8783 ||| ENCHANTING +0 vampiric hand axe.
  8904 | D:8      | 8904 ||| FLEEEEING.
  8905 | D:8      | 8905 ||| FLEEEEING.
  8906 | D:8      | 8906 ||| FLEEEEING.
  8907 | D:8      | 8907 ||| FLEEEEING.
  8955 | D:8      | 8955 ||| FLEEEEING.
  8956 | D:8      | 8956 ||| FLEEEEING.
  8957 | D:8      | 8957 ||| FLEEEEING.
  9197 | D:8      | 9197 ||| PLANNING LAIR
  9197 | D:8      | 9197 ||| UPGRADING to amulet of the acrobat.
  9202 | D:8      | 9202 ||| READING scroll labelled HEZUN WIOPISS.
  9263 | Lair:1   | Entered Level 1 of the Lair of Beasts
  9263 | Lair:1   | Noticed a black mamba
  9266 | Lair:1   | 9266 ||| INVOKING Berserk.
  9267 | Lair:1   | Killed a black mamba
  9268 | Lair:1   | Reached skill level 10 in Fighting
  9274 | Lair:1   | Reached skill level 3 in Throwing
  9373 | Lair:1   | 9373 ||| INVOKING Berserk.
  9565 | Lair:1   | Noticed a cane toad
  9572 | Lair:1   | Reached skill level 11 in Fighting
  9573 | Lair:1   | 9573 ||| INVOKING Berserk.
  9578 | Lair:1   | Killed a cane toad
  9703 | Lair:1   | Noticed a cane toad
  9707 | Lair:1   | 9707 ||| INVOKING Berserk.
  9710 | Lair:1   | Killed a cane toad
  9711 | Lair:1   | Reached skill level 9 in Armour
  9802 | Lair:1   | 9802 ||| INVOKING Berserk.
  9939 | Lair:1   | Reached XP level 11. HP: 88/102 MP: 10/10
 10065 | Lair:1   | 10065 ||| Stepping ~*~*~tactically~*~*~ (stealth).
 10067 | Lair:1   | 10067 ||| Stepping ~*~*~tactically~*~*~ (stealth).
 10076 | Lair:1   | 10076 ||| Stepping ~*~*~tactically~*~*~ (stealth).
 10077 | Lair:1   | 10077 ||| Stepping ~*~*~tactically~*~*~ (stealth).
 10085 | Lair:1   | Reached skill level 12 in Fighting
 10116 | Lair:1   | 10116 ||| INVOKING Berserk.
 10257 | Lair:1   | Noticed a deep troll
 10259 | Lair:1   | 10259 ||| INVOKING Berserk.
 10261 | Lair:1   | Killed a deep troll
 10427 | Lair:1   | 10427 ||| Stepping ~*~*~tactically~*~*~ (stealth).
 10428 | Lair:1   | 10428 ||| Stepping ~*~*~tactically~*~*~ (stealth).
 10430 | Lair:1   | 10430 ||| Stepping ~*~*~tactically~*~*~ (stealth).
 10440 | Lair:1   | Reached skill level 13 in Fighting
 10816 | Lair:2   | 10816 ||| Stepping ~*~*~tactically~*~*~ (stealth).
 10817 | Lair:2   | 10817 ||| Stepping ~*~*~tactically~*~*~ (hiding).
 10818 | Lair:2   | 10818 ||| Stepping ~*~*~tactically~*~*~ (hiding).
 10819 | Lair:2   | 10819 ||| INVOKING Berserk.
 10842 | Lair:2   | 10842 ||| FLEEEEING.
 10843 | Lair:2   | 10843 ||| FLEEEEING.
 10844 | Lair:2   | 10844 ||| FLEEEEING.
 10845 | Lair:2   | 10845 ||| FLEEEEING.
 10846 | Lair:2   | 10846 ||| FLEEEEING.
 10849 | Lair:2   | 10849 ||| FLEEEEING.
 10850 | Lair:2   | 10850 ||| FLEEEEING.
 10851 | Lair:2   | 10851 ||| FLEEEEING.
 10858 | Lair:2   | 10858 ||| STAIRDANCE
 11115 | Lair:2   | 11115 ||| Stepping ~*~*~tactically~*~*~ (hiding).
 11132 | Lair:2   | 11132 ||| Stepping ~*~*~tactically~*~*~ (stealth).
 11171 | Lair:2   | 11171 ||| Stepping ~*~*~tactically~*~*~ (stealth).
 11174 | Lair:2   | 11174 ||| Stepping ~*~*~tactically~*~*~ (stealth).
 11175 | Lair:2   | 11175 ||| Stepping ~*~*~tactically~*~*~ (stealth).
 11209 | Lair:2   | 11209 ||| Stepping ~*~*~tactically~*~*~ (stealth).
 11279 | Lair:2   | 11279 ||| INVOKING Berserk.
 11347 | Lair:2   | 11347 ||| Stepping ~*~*~tactically~*~*~ (stealth).
 11354 | Lair:2   | Reached skill level 14 in Fighting
 11367 | Lair:2   | 11367 ||| Stepping ~*~*~tactically~*~*~ (stealth).
 11368 | Lair:2   | 11368 ||| Stepping ~*~*~tactically~*~*~ (stealth).
 11415 | Lair:2   | 11415 ||| Stepping ~*~*~tactically~*~*~ (stealth).
 11418 | Lair:2   | 11418 ||| INVOKING Berserk.
 11688 | Lair:2   | Found a staircase to the Snake Pit.
 11697 | Lair:2   | 11697 ||| Stepping ~*~*~tactically~*~*~ (stealth).
 11699 | Lair:2   | 11699 ||| Stepping ~*~*~tactically~*~*~ (stealth).
 11701 | Lair:2   | 11701 ||| Stepping ~*~*~tactically~*~*~ (stealth).
 11702 | Lair:2   | 11702 ||| Stepping ~*~*~tactically~*~*~ (stealth).
 11703 | Lair:2   | 11703 ||| INVOKING Berserk.
 11718 | Lair:2   | 11718 ||| DRINKING potion of cancellation.
 11724 | Lair:2   | Reached XP level 12. HP: 109/117 MP: 11/11
 11999 | Lair:2   | Found a hide-covered altar of Uskayaw.
 11999 | Lair:2   | Found an ornate altar of the Wu Jian Council.
 11999 | Lair:2   | Noticed a boulder beetle
 12015 | Lair:2   | 12015 ||| INVOKING Berserk.
 12027 | Lair:2   | Killed a boulder beetle
 12392 | Lair:2   | 12392 ||| UPGRADING to +0 plate armour.
 12402 | Lair:2   | 12402 ||| DROPPING +0 chain mail.
 12403 | Lair:2   | 12403 ||| READING scroll labelled QEWNAESOAN.
 12404 | Lair:2   | 12404 ||| DRINKING 2 bubbling clear potions.
 12443 | Lair:2   | 12443 ||| READING 3 scrolls of identify.
 12443 | Lair:2   | 12443 ||| IDENTIFYING fizzy purple potion
 12444 | Lair:2   | 12444 ||| READING 2 scrolls of identify.
 12444 | Lair:2   | 12444 ||| IDENTIFYING sedimented silvery potion
 12445 | Lair:2   | 12445 ||| DROPPING potion of magic.
 12446 | Lair:2   | 12446 ||| DROPPING potion of lignification.
 12484 | Lair:3   | 12484 ||| Stepping ~*~*~tactically~*~*~ (stealth).
 12493 | Lair:3   | 12493 ||| FLEEEEING.
 12494 | Lair:3   | 12494 ||| FLEEEEING.
 12495 | Lair:3   | 12495 ||| FLEEEEING.
 12496 | Lair:3   | 12496 ||| FLEEEEING.
 12497 | Lair:3   | 12497 ||| FLEEEEING.
 12498 | Lair:3   | 12498 ||| FLEEEEING.
 12499 | Lair:3   | 12499 ||| FLEEEEING.
 12500 | Lair:3   | 12500 ||| FLEEEEING.
 12501 | Lair:3   | 12501 ||| FLEEEEING.
 12502 | Lair:3   | 12502 ||| FLEEEEING.
 12503 | Lair:3   | 12503 ||| FLEEEEING.
 12504 | Lair:3   | 12504 ||| FLEEEEING.
 12505 | Lair:3   | 12505 ||| STAIRDANCE
 12562 | Lair:3   | 12562 ||| STAIRDANCE
 12622 | Lair:3   | 12622 ||| STAIRDANCE
 12636 | Lair:3   | 12636 ||| STAIRDANCE
 12720 | Lair:3   | 12720 ||| Stepping ~*~*~tactically~*~*~ (stealth).
 12721 | Lair:3   | 12721 ||| Stepping ~*~*~tactically~*~*~ (stealth).
 12722 | Lair:3   | 12722 ||| Stepping ~*~*~tactically~*~*~ (stealth).
 12723 | Lair:3   | 12723 ||| Stepping ~*~*~tactically~*~*~ (stealth).
 12724 | Lair:3   | 12724 ||| Stepping ~*~*~tactically~*~*~ (stealth).
 12772 | Lair:3   | 12772 ||| Stepping ~*~*~tactically~*~*~ (stealth).
 12774 | Lair:3   | 12774 ||| Stepping ~*~*~tactically~*~*~ (stealth).
 12776 | Lair:3   | 12776 ||| Stepping ~*~*~tactically~*~*~ (stealth).
 12780 | Lair:3   | Reached skill level 12 in Armour
 12780 | Lair:3   | 12780 ||| Stepping ~*~*~tactically~*~*~ (stealth).
 12789 | Lair:3   | 12789 ||| Stepping ~*~*~tactically~*~*~ (hiding).
 12790 | Lair:3   | 12790 ||| Stepping ~*~*~tactically~*~*~ (hiding).
 13012 | Lair:3   | Noticed Amaemon
 13013 | Lair:3   | 13013 ||| Stepping ~*~*~tactically~*~*~ (stealth).
 13015 | Lair:3   | 13015 ||| Stepping ~*~*~tactically~*~*~ (stealth).
 13030 | Lair:3   | Noticed Sonja
 13031 | Lair:3   | 13031 ||| Stepping ~*~*~tactically~*~*~ (stealth).
 13036 | Lair:3   | 13036 ||| INVOKING Berserk.
 13045 | Lair:3   | Reached skill level 15 in Fighting
 13054 | Lair:3   | Killed Amaemon
 13057 | Lair:3   | Reached ***** piety under Trog
 13065 | Lair:3   | Killed Sonja
 13222 | Lair:3   | 13222 ||| DROPPING +0 morningstar.
 13244 | Lair:3   | Found a staircase to the Swamp.
 13385 | Lair:3   | Noticed a four-headed hydra
 13386 | Lair:3   | 13386 ||| INVOKING Brothers in Arms.
 13387 | Lair:3   | 13387 ||| SWAPPING to +1 demon whip of venom.
 13388 | Lair:3   | 13388 ||| INVOKING Berserk.
 13390 | Lair:3   | Killed a four-headed hydra
 13395 | Lair:3   | 13395 ||| SWAPPING to +1 vampiric hand axe.
 13541 | Lair:3   | 13541 ||| INVOKING Berserk.
 14122 | Lair:3   | 14122 ||| UPGRADING to +2 hat.
 14127 | Lair:3   | 14127 ||| DROPPING ring of flight.
 14128 | Lair:3   | 14128 ||| READING scroll labelled FUHOFI WUPYRHI.
 14129 | Lair:3   | 14129 ||| READING scroll labelled RUKYNA TUSKOMEO.
 14129 | Lair:3   | Identified a scroll of acquirement
 14129 | Lair:3   | 14129 ||| ACQUIRING 1171 gold pieces
 14129 | Lair:3   | Acquired 1171 gold pieces
 14188 | Lair:4   | 14188 ||| READING scroll of enchant armour.
 14188 | Lair:4   | 14188 ||| ENCHANTING +0 pair of gloves.
 14198 | Lair:4   | 14198 ||| Stepping ~*~*~tactically~*~*~ (stealth).
 14201 | Lair:4   | 14201 ||| Stepping ~*~*~tactically~*~*~ (stealth).
 14202 | Lair:4   | 14202 ||| Stepping ~*~*~tactically~*~*~ (stealth).
 14206 | Lair:4   | 14206 ||| FLEEEEING.
 14207 | Lair:4   | 14207 ||| FLEEEEING.
 14213 | Lair:4   | 14213 ||| STAIRDANCE
 14270 | Lair:4   | 14270 ||| Stepping ~*~*~tactically~*~*~ (stealth).
 14271 | Lair:4   | 14271 ||| Stepping ~*~*~tactically~*~*~ (stealth).
 14291 | Lair:4   | Reached skill level 16 in Fighting
 14442 | Lair:4   | 14442 ||| Stepping ~*~*~tactically~*~*~ (stealth).
 14445 | Lair:4   | 14445 ||| Stepping ~*~*~tactically~*~*~ (stealth).
 14686 | Lair:4   | Found a staircase to the Slime Pits.
 14734 | Lair:4   | Identified the +8 arbalest "Itebes" {flame, Str+3}
 14843 | Lair:5   | Entered Level 5 of the Lair of Beasts
 14870 | Lair:5   | Noticed a death yak
 14875 | Lair:5   | 14875 ||| INVOKING Berserk.
 14882 | Lair:5   | Killed a death yak
 14883 | Lair:5   | Reached XP level 13. HP: 128/128 MP: 12/12
 15002 | Lair:5   | 15002 ||| Stepping ~*~*~tactically~*~*~ (cloud).
 15013 | Lair:5   | 15013 ||| Stepping ~*~*~tactically~*~*~ (hiding).
 15016 | Lair:5   | 15016 ||| INVOKING Berserk.
 15022 | Lair:5   | Reached skill level 6 in Dodging
 15199 | Lair:5   | 15199 ||| INVOKING Berserk.
 15350 | Lair:5   | 15350 ||| INVOKING Brothers in Arms.
 15352 | Lair:5   | 15352 ||| SWAPPING to +1 demon whip of venom.
 15354 | Lair:5   | 15354 ||| INVOKING Berserk.
 15406 | Lair:5   | 15406 ||| SWAPPING to +1 vampiric hand axe.
 15524 | Lair:5   | 15524 ||| Stepping ~*~*~tactically~*~*~ (hiding).
 15525 | Lair:5   | 15525 ||| Stepping ~*~*~tactically~*~*~ (hiding).
 15535 | Lair:5   | 15535 ||| INVOKING Berserk.
 15669 | Lair:5   | Reached skill level 17 in Fighting
 15865 | Lair:5   | 15865 ||| INVOKING Berserk.
 15888 | Lair:5   | 15888 ||| Stepping ~*~*~tactically~*~*~ (stealth).
 15929 | Lair:5   | 15929 ||| Stepping ~*~*~tactically~*~*~ (stealth).
 15960 | Lair:5   | Found a runed translucent gate.
 15960 | Lair:5   | Found a runed translucent gate.
 15961 | Lair:5   | Found a runed translucent gate.
 15961 | Lair:5   | Noticed qw's ghost (journeyman MiBe)
 15997 | Lair:5   | 15997 ||| INVOKING Berserk.
 16011 | Lair:5   | Reached skill level 15 in Armour
 16170 | Lair:5   | 16170 ||| INVOKING Berserk.
 16616 | Lair:5   | Reached skill level 18 in Fighting
 16619 | Lair:5   | 16619 ||| Stepping ~*~*~tactically~*~*~ (stealth).
 16655 | Lair:5   | 16655 ||| Stepping ~*~*~tactically~*~*~ (stealth).
 16663 | Lair:5   | 16663 ||| INVOKING Berserk.
 16796 | Lair:5   | 16796 ||| INVOKING Berserk.
 16959 | Lair:5   | 16959 ||| Stepping ~*~*~tactically~*~*~ (stealth).
 16972 | Lair:5   | 16972 ||| INVOKING Berserk.
 16997 | Lair:5   | 16997 ||| Stepping ~*~*~tactically~*~*~ (cloud).
 16999 | Lair:5   | 16999 ||| Stepping ~*~*~tactically~*~*~ (cloud).
 17000 | Lair:5   | 17000 ||| Stepping ~*~*~tactically~*~*~ (cloud).
 17011 | Lair:5   | 17011 ||| Stepping ~*~*~tactically~*~*~ (cloud).
 17012 | Lair:5   | 17012 ||| Stepping ~*~*~tactically~*~*~ (cloud).
 17177 | Lair:5   | 17177 ||| READING scroll of enchant weapon.
 17177 | Lair:5   | 17177 ||| ENCHANTING +1 vampiric hand axe.
 17208 | Lair:5   | 17208 ||| INVOKING Berserk.
 17336 | Lair:5   | Identified the +5 ring mail of Recklessness {-Tele Int+8
                  | Dex+8 Stlth-}
 17489 | Lair:5   | 17489 ||| PLANNING D:1-11
 17489 | Lair:5   | 17489 ||| DRINKING 2 yellow potions.
 17490 | Lair:5   | 17490 ||| READING 5 scrolls of identify.
 17490 | Lair:5   | 17490 ||| IDENTIFYING orange potion
 17491 | Lair:5   | 17491 ||| DRINKING potion of experience.
 17491 | Lair:5   | Reached skill level 19 in Fighting
 17491 | Lair:5   | Reached XP level 14. HP: 146/146 MP: 13/13
 17625 | D:9      | 17625 ||| FLEEEEING.
 17626 | D:9      | 17626 ||| FLEEEEING.
 17627 | D:9      | 17627 ||| FLEEEEING.
 17628 | D:9      | 17628 ||| FLEEEEING.
 17634 | D:9      | 17634 ||| STAIRDANCE
 17748 | D:9      | 17748 ||| FLEEEEING.
 17749 | D:9      | 17749 ||| FLEEEEING.
 17750 | D:9      | 17750 ||| STAIRDANCE
 17869 | D:9      | 17869 ||| Stepping ~*~*~tactically~*~*~ (stealth).
 17870 | D:9      | 17870 ||| Stepping ~*~*~tactically~*~*~ (stealth).
 18029 | D:9      | 18029 ||| Stepping ~*~*~tactically~*~*~ (stealth).
 18030 | D:9      | 18030 ||| Stepping ~*~*~tactically~*~*~ (stealth).
 18048 | D:9      | 18048 ||| Stepping ~*~*~tactically~*~*~ (stealth).
 18050 | D:9      | 18050 ||| Stepping ~*~*~tactically~*~*~ (hiding).
 18052 | D:9      | 18052 ||| Stepping ~*~*~tactically~*~*~ (hiding).
 18053 | D:9      | 18053 ||| Stepping ~*~*~tactically~*~*~ (hiding).
 18054 | D:9      | 18054 ||| Stepping ~*~*~tactically~*~*~ (hiding).
 18099 | D:9      | 18099 ||| Stepping ~*~*~tactically~*~*~ (stealth).
 18101 | D:9      | 18101 ||| Stepping ~*~*~tactically~*~*~ (stealth).
 18102 | D:9      | 18102 ||| Stepping ~*~*~tactically~*~*~ (stealth).
 18105 | D:9      | 18105 ||| Stepping ~*~*~tactically~*~*~ (hiding).
 18107 | D:9      | 18107 ||| Stepping ~*~*~tactically~*~*~ (hiding).
 18108 | D:9      | 18108 ||| Stepping ~*~*~tactically~*~*~ (hiding).
 18109 | D:9      | 18109 ||| Stepping ~*~*~tactically~*~*~ (hiding).
 18254 | D:9      | Reached XP level 15. HP: 144/152 MP: 14/14
 18303 | D:9      | Found a runed translucent door.
 18303 | D:9      | Noticed qw's ghost (novice MiBe)
 18511 | D:9      | Noticed Psyche
 18514 | Abyss:2  | Cast into level 2 of the Abyss (Psyche)
 18536 | Abyss:2  | 18536 ||| Stepping ~*~*~tactically~*~*~ (stealth).
 18537 | Abyss:2  | 18537 ||| Stepping ~*~*~tactically~*~*~ (stealth).
 18576 | Abyss:2  | Found a corrupted altar of Lugonu.
 18591 | Abyss:2  | 18591 ||| Stepping ~*~*~tactically~*~*~ (stealth).
 18613 | Abyss:2  | 18613 ||| Stepping ~*~*~tactically~*~*~ (stealth).
 18618 | Abyss:2  | 18618 ||| Stepping ~*~*~tactically~*~*~ (stealth).
 18618 | Abyss:2  | Found a corrupted altar of Lugonu.
 18628 | Abyss:2  | 18628 ||| Stepping ~*~*~tactically~*~*~ (stealth).
 18629 | Abyss:2  | 18629 ||| Stepping ~*~*~tactically~*~*~ (stealth).
 18720 | Abyss:2  | 18720 ||| Stepping ~*~*~tactically~*~*~ (stealth).
 18721 | Abyss:2  | 18721 ||| Stepping ~*~*~tactically~*~*~ (stealth).
 18723 | Abyss:2  | 18723 ||| Stepping ~*~*~tactically~*~*~ (stealth).
 18724 | Abyss:2  | 18724 ||| Stepping ~*~*~tactically~*~*~ (stealth).
 18814 | Abyss:2  | 18814 ||| Stepping ~*~*~tactically~*~*~ (stealth).
 18817 | Abyss:2  | 18817 ||| Stepping ~*~*~tactically~*~*~ (stealth).
 18822 | Abyss:2  | 18822 ||| Stepping ~*~*~tactically~*~*~ (stealth).
 18823 | Abyss:2  | 18823 ||| Stepping ~*~*~tactically~*~*~ (stealth).
 18824 | Abyss:2  | 18824 ||| Stepping ~*~*~tactically~*~*~ (stealth).
 18825 | Abyss:2  | 18825 ||| Stepping ~*~*~tactically~*~*~ (stealth).
 18851 | Abyss:2  | 18851 ||| DRINKING potion of cancellation.
 18868 | Abyss:2  | 18868 ||| INVOKING Berserk.
 18870 | Abyss:2  | HP: 43/181 [thrashing horror (4)]
 18872 | Abyss:2  | Noticed a tentacled starspawn
 18872 | Abyss:2  | HP: 19/181 [thrashing horror (12)]
 18872 | Abyss:2  | Lost intelligence.
 18873 | Abyss:2  | HP: 7/181 [thrashing horror (7)]
 18873 | Abyss:2  | Mangled by a thrashing horror

Levels and vault maps discovered:
D:1:      erik_arrival_cave_to_civilisation [erik_arrival_cave_to_temple],
          layout_basic, minmay_hexomino_c4
D:2:      layout_rooms, uniq_robin
D:3:      layout_loops_ring, uniq_jessica
D:4:      layout_rooms, grunt_ministairs_1
D:5:      layout_cave_pools, minitemple, mainiacjoe_overflow_catwalk,
          minmay_temple_entry_proselytizer, gup_sewer_entry_pipe, uniq_pikel
D:6:      layout_loops_ring, marbit_many_paths, minmay_misc_feat_diagonals,
          kennysheep_flooded_box
D:7:      layout_loops_cross, nemelex_dance_club_becter, uniq_duvessa,
          uniq_crazy_yiuf_cottage
D:8:      layout_basic, chequers_temple_overflow_statue_of_worship,
          lair_entry_dummy, serial_corexii_hall, chequers_hall_statues_wall_a,
          corexii_hall_statues_l, enter_bailey_5
D:9:      wad_river_or_something, layout_basic, hellmonk_ghost_happy_afterlife,
          uniq_psyche
Lair:1:   dreamdust_cave_troll, layout_hall_layers, st_stairs_13,
          cheibrodos_lair_reptile_den
Lair:2:   layout_long_grid, minmay_snake_entry_guardpost_medium,
          chequers_serial_rivers_room_b, nzn_masters_of_martial_movement
Lair:3:   layout_loops_ring, swamp_mist, nicolae_volcano_entry_two_sided,
          amcnicky_mini_pool_medium, grunt_megastairs_3, serial_bayou_shore_a,
          uniq_sonja, uniq_amaemon
Lair:4:   layout_cave_shapes, slime_entry_1
Lair:5:   evilmike_catoblepas_cave, layout_big_grid, ebering_ghost_rock_garden
Abyss:2:  base: Lair:4, guppyfry_abyss_exit_spiral_guarded

Skill      XL: |  1  2  3  4  5  6  7  8  9 10 11 12 13 |
---------------+----------------------------------------+-----
Axes           | 4 5 6 7 8 11 12 14 | 14.0
Fighting       | 5 7 8 11 14 16 19 | 19.3
Armour         | 3 5 6 9 11 14 16 | 16.6
Throwing       | 2 3 5 |  5.0
Dodging        | 4 5 7 |  7.1

Action                   |  1- 3 |  4- 6 |  7- 9 | 10-12 | 13-15 || total
-------------------------+-------+-------+-------+-------+-------++-------
Melee: Hand axe          |    84 |   131 |   223 |   508 |   333 ||  1279
       Headbutt          |     7 |    20 |    47 |   115 |   103 ||   292
       Punch             |       |     2 |     1 |     9 |     6 ||    18
       Demon whip        |       |       |       |     2 |    11 ||    13
Throw: Boomerang         |       |       |     8 |   104 |    62 ||   174
Invok: Berserk           |     2 |     3 |    12 |    16 |    12 ||    45
       Brothers in Arms  |       |       |       |     1 |     1 ||     2
  Use: Scroll            |     3 |     8 |     7 |     8 |     2 ||    28
       Potion            |       |     3 |     1 |     2 |     3 ||     9
 Stab: Petrified         |       |       |       |       |    23 ||    23
Armor: Animal skin       |    15 |       |       |       |       ||    15
       Chain mail        |     8 |    45 |    55 |   106 |       ||   214
       Plate armour      |       |       |       |    54 |   140 ||   194
Dodge: Dodged            |    54 |    32 |    54 |   205 |   116 ||   461

Table legend:
 A = Non-vault XP
 B = Vault XP
 C = Vault XP percentage of total XP
 D = Non-vault monster count
 E = Vault monster count
 F = Vault count percentage of total count
                 A         B        C        D         E       F
            +---------+---------+-------+---------+---------+-------
      Total |   46756 |   21612 |  31.6 |     349 |      98 |  21.9
            +---------+---------+-------+---------+---------+-------
        D:1 |      44 |      30 |  40.5 |      25 |       9 |  26.5
        D:2 |      45 |      37 |  45.1 |      19 |      12 |  38.7
        D:3 |      31 |      37 |  54.4 |      12 |       1 |   7.7
        D:4 |     431 |       4 |   0.9 |      24 |       2 |   7.7
        D:5 |     639 |     683 |  51.7 |      18 |       9 |  33.3
        D:6 |    1650 |     291 |  15.0 |      33 |       1 |   2.9
        D:7 |     911 |     323 |  26.2 |      23 |       4 |  14.8
        D:8 |    1907 |       8 |   0.4 |      24 |       4 |  14.3
        D:9 |     979 |     505 |  34.0 |      15 |       4 |  21.1
     Lair:1 |    6359 |    1833 |  22.4 |      32 |       5 |  13.5
     Lair:2 |    7064 |    1657 |  19.0 |      34 |       6 |  15.0
     Lair:3 |    4548 |    5785 |  56.0 |      23 |      17 |  42.5
     Lair:4 |    2956 |       0 |   0.0 |      13 |       0 |   0.0
     Lair:5 |   16120 |   10246 |  38.9 |      43 |      23 |  34.8
    Abyss:2 |    3072 |     173 |   5.3 |      11 |       1 |   8.3
            +---------+---------+-------+---------+---------+-------
